 Seeded DCSS version 0.26.1-11-gd32895ea62 (webtiles) character file.

Game seed: 13435453013147752700 (custom seed)

24 wilfster70 the Chiller (level 3, 0/25 HPs)
             Began as a Gnoll Ice Elementalist on Apr 28, 2021.
             Was an Initiate of Ashenzari.
             Succumbed to an adder's poison
             ... on level 1 of the Dungeon.
             The game lasted 00:03:18 (733 turns).

wilfster70 the Chiller (Gnoll Ice Elementalist)      Turns: 733, Time: 00:03:18

Health: 0/25       AC:  3    Str: 10    XL:     3   Next: 2%
Magic:  7/9        EV: 14    Int: 18    God:    Ashenzari [......]
Gold:   79         SH:  0    Dex: 15    Spells: 10/11 levels left

rFire    + . .     SeeInvis .   a - +0 short sword
rCold    . . .     Faith    .   (no shield)
rNeg     . . .     Spirit   .   c - +0 leather armour
rPois    +         Reflect  .   (no helmet)
rElec    .         Harm     .   (no cloak)
rCorr    .         Rampage  .   (no gloves)
Will     .....                  (no boots)
Stlth    ++........             (no amulet)
HPRegen  0.08/turn              (no ring)
MPRegen  0.11/turn              (no ring)

@: lethally poisoned (0 -> -3), hasted, very quick
A: distributed training, fangs 1, fire resistance 1, poison resistance, strong
nose
a: Renounce Religion, Curse Item


You were on level 1 of the Dungeon.
You worshipped Ashenzari.
Ashenzari was noncommittal.
You visited 1 branch of the dungeon, and saw 2 of its levels.

You collected 79 gold pieces.

Inventory:

Hand Weapons
 a - a +0 short sword (weapon)
Armour
 c - a +0 leather armour (worn)
Jewellery
 f - an uncursed ring of protection from fire
Scrolls
 b - a scroll of teleportation {unknown}
 h - a scroll of enchant weapon {unknown}
 i - a scroll of amnesia {unknown}
 j - a scroll of identify {unknown}
 k - a scroll of random uselessness {unknown}
 l - a scroll of fear {unknown}
Potions
 e - 3 potions of might {unknown}


   Skills:
 + Level 0.5 Fighting
 + Level 0.5 Short Blades
 + Level 0.5 Long Blades
 + Level 0.5 Axes
 + Level 0.5 Maces & Flails
 + Level 0.5 Polearms
 + Level 0.5 Staves
 + Level 0.5 Slings
 + Level 0.5 Bows
 + Level 0.5 Crossbows
 + Level 0.5 Throwing
 + Level 0.5 Armour
 + Level 4.5 Dodging
 + Level 4.1 Stealth
 + Level 0.5 Shields
 + Level 0.5 Unarmed Combat
 + Level 4.9 Spellcasting
 + Level 0.4 Conjurations
 + Level 0.4 Hexes
 + Level 0.4 Summonings
 + Level 0.4 Necromancy
 + Level 0.4 Translocations
 + Level 0.4 Transmutations
 + Level 0.4 Fire Magic
 + Level 7.0 Ice Magic
 + Level 0.4 Air Magic
 + Level 0.4 Earth Magic
 + Level 0.4 Poison Magic
 + Level 0.7 Invocations
 + Level 0.5 Evocations


You had 10 spell levels left.
You knew the following spells:

 Your Spells              Type           Power        Failure   Level
a - Freeze                Ice            100%         1%          1

Your spell library contained the following spells:

 Spells                   Type           Power        Failure   Level
 Frozen Ramparts          Ice            60%          3%          3
 Ozocubu's Armour         Ice            30%          3%          3
 Hailstorm                Conj/Ice       17%          36%         4
 Summon Ice Beast         Ice/Summ       17%          36%         4


Dungeon Overview and Level Annotations

Branches:
Dungeon (2/15)

Altars:
Ashenzari


Innate Abilities, Weirdness & Mutations

Your experience applies equally to all skills.
You have very sharp teeth.
Your uncanny sense of smell can sniff out nearby items.
Your flesh is heat resistant. (rF+)
Your system is resistant to poisons. (rPois)


Message History

You feel sick.
* * * LOW HITPOINT WARNING * * *
You feel sick.
* * * LOW HITPOINT WARNING * * *
You feel sick.
* * * LOW HITPOINT WARNING * * *
You feel sick.
* * * LOW HITPOINT WARNING * * *
You feel sick.
* * * LOW HITPOINT WARNING * * *
You feel sick.
* * * LOW HITPOINT WARNING * * *
You feel sick.
* * * LOW HITPOINT WARNING * * *
You feel sick.
* * * LOW HITPOINT WARNING * * *
You feel sick.
* * * LOW HITPOINT WARNING * * *
You feel sick.
You die...

########## ######..... .........#
#.......... #........#
#...###.### #........# #####...#
#.#.. #........# #.......###.#.#
#........# ##........##...#
#........## ####.........###..#
#........># ##.....>......###...
#.........####..@..............##
.................#......##..#####
#.##############.############ #.#
### ♣.......................♣♣#..
♣..8..8.......[...8..8..♣♣...
♣...................÷...♣♣...
##♣♣♣...÷...................♣♣♣..
#(♣♣...8..8...........8..8...♣♣..
..♣♣............<............♣♣..


There were no monsters in sight!

Vanquished Creatures
  An adder (D:1)
  A ball python (D:1)
  3 hobgoblins (D:1)
  2 jackals (D:1)
  5 kobolds (D:1)
  A rat (D:1)
13 creatures vanquished.

Notes
Turn   | Place    | Note
-------+----------+-------------------------------------------
     0 | D:1      | wilfster70 the Gnoll Ice Elementalist began the quest for
                  | the Orb.
     0 | D:1      | Reached XP level 1. HP: 13/13 MP: 6/6
    85 | D:1      | Found a broken altar of Ashenzari.
    89 | D:1      | Became a worshipper of Ashenzari the Shackled
   296 | D:1      | Reached XP level 2. HP: 19/19 MP: 7/7
   700 | D:1      | Reached XP level 3. HP: 10/25 MP: 5/9
   701 | D:1      | Gained mutation: Your system is resistant to poisons.
                  | (rPois) [potion of mutation]
   701 | D:1      | Gained mutation: Your flesh is heat resistant. (rF+)
                  | [potion of mutation]
   723 | D:1      | HP: 1/25 [poisoned by an adder]
   733 | D:1      | Succumbed to an adder's poison

Illustrated notes

Levels and vault maps discovered:
D:1:      giann_forest_graveyard, layout_rooms, serial_curves, eino_curves_03,
          eino_curves_03, hangedman_abyss_or_decor_stabs,
          nicolae_ashenzari_panopticon
D:2:      layout_rooms

Action                   || total
-------------------------++-------
Melee: Short sword       ||    14
 Cast: Freeze            ||    12
  Use: Potion            ||     2
 Stab: Sleeping          ||     4
Armor: Leather armour    ||     5
Dodge: Dodged            ||    15
